[Event "Turkish Cup 2022"]
[Site "Sakarya"]
[Date "2022.03.30"]
[Round "9.45"]
[White "Ercan, Mehmet Fahri"]
[Black "Topuz, Mirac Melih"]
[Result "1-0"]
[ECO "A92"]
[WhiteElo "1775"]
[BlackElo "1515"]
[Annotator "NA"]
[PlyCount "105"]
[EventDate "2022.03.25"]
[EventType "swiss"]
[EventCountry "TUR"]
[SourceTitle "playchess.com"]
[Source "ChessBase"]
[SourceQuality "1"]
[TimeControl "5400+30"]

1. Nf3 f5 2. g3 Nf6 3. Bg2 e6 4. d4 Be7 5. O-O O-O 6. c4 b5 7. Ne5 Ne4 8. cxb5 a6 9. bxa6 d6 10. a7 Rxa7 11. Nd3 Nd7 12. Nc3 Nxc3 13. bxc3 Nf6 14. Nb4 Bb7 15. Nc6 Bxc6 16. Bxc6 d5 17. Bb5 Ne4 18. Qc2 c5 19. Bf4 Qa5 20. c4 cxd4 21. a4 Bf6 22. Qb3 g5 23. Bc1 Nc3 24. Ba3 Rb8 25. Kg2 Nxb5 26. axb5 Qc3 27. Qxc3 dxc3 28. Bd6 Rab7 29. Bxb8 Rxb8 30. cxd5 exd5 31. Rab1 Kf7 32. Rfc1 g4 33. f3 Ke6 34. e3 Kd6 35. b6 Rb7 36. fxg4 fxg4 37. Kf2 Kc5 38. Ke2 Kc4 39. Rc2 Bd8 40. Ra2 h5 41. Ra4+ Kc5 42. Kd3 Bxb6 43. Rab4 Rb8 44. Rb5+ Kc6 45. R5b3 c2 46. Kxc2 Rb7 47. Kd3 Rb8 48. Rf1 Kc7 49. Rf7+ Kc6 50. Rh7 Kc5 51. Rh6 Rb7 52. Rh8 Rc7 53. Rc3+ 1-0

[Event "Turkish Cup 2022"]
[Site "Sakarya"]
[Date "2022.03.30"]
[Round "9.46"]
[White "Sezis, Doruk"]
[Black "Arslan, Tayfun"]
[Result "1-0"]
[ECO "A36"]
[WhiteElo "1566"]
[BlackElo "1512"]
[Annotator "NA"]
[PlyCount "43"]
[EventDate "2022.03.25"]
[EventType "swiss"]
[EventCountry "TUR"]
[SourceTitle "playchess.com"]
[Source "ChessBase"]
[SourceQuality "1"]
[TimeControl "5400+30"]

1. c4 c5 2. Nc3 Nc6 3. g3 d6 4. Bg2 e5 5. d3 f5 6. e3 Nf6 7. Nge2 Be7 8. O-O O-O 9. d4 a6 10. Nd5 Nxd5 11. cxd5 Nb8 12. dxe5 dxe5 13. e4 fxe4 14. Nc3 Nd7 15. d6 Bg5 16. Qd5+ Kh8 17. Nxe4 Bxc1 18. Raxc1 Ra7 19. Nxc5 Nxc5 20. Qxc5 b6 21. Qxe5 Rd7 22. Bh3 1-0

[Event "Turkish Cup 2022"]
[Site "Sakarya"]
[Date "2022.03.30"]
[Round "9.47"]
[White "Sahin, Handenur"]
[Black "Gunduz, Umut Erdem"]
[Result "0-1"]
[ECO "C77"]
[WhiteElo "1997"]
[BlackElo "2258"]
[Annotator "NA"]
[PlyCount "68"]
[EventDate "2022.03.25"]
[EventType "swiss"]
[EventCountry "TUR"]
[SourceTitle "playchess.com"]
[Source "ChessBase"]
[SourceQuality "1"]
[TimeControl "5400+30"]

1. e4 e5 2. Nf3 Nc6 3. Bb5 a6 4. Ba4 Nf6 5. d3 b5 6. Bb3 Be7 7. Nc3 d6 8. a3 O-O 9. O-O Nb8 10. Ne2 Nbd7 11. Ba2 c5 12. Ng3 Nb6 13. Qe2 Re8 14. Bg5 h6 15. Bd2 Bf8 16. Nh4 d5 17. Nhf5 Kh7 18. Ba5 Be6 19. exd5 Nfxd5 20. Qe4 Nf6 21. Qb7 Bxa2 22. Bxb6 Qd5 23. Qc7 Rec8 24. c4 bxc4 25. dxc4 Bxc4 26. Rfd1 Rxc7 27. Rxd5 Nxd5 28. Bxc7 Nxc7 29. Ne3 Be6 30. Rc1 Rb8 31. b4 cxb4 32. axb4 Nd5 33. Nc4 f6 34. Ra1 Nxb4 0-1

[Event "Turkish Cup 2022"]
[Site "Sakarya"]
[Date "2022.03.31"]
[Round "10.1"]
[White "Kilic, Eray"]
[Black "Yavuz, Efe Metehan"]
[Result "0-1"]
[ECO "C65"]
[WhiteElo "2088"]
[BlackElo "2054"]
[Annotator "NA"]
[PlyCount "130"]
[EventDate "2022.03.25"]
[EventType "swiss"]
[EventCountry "TUR"]
[SourceTitle "playchess.com"]
[Source "ChessBase"]
[SourceQuality "1"]
[TimeControl "5400+30"]

1. e4 e5 2. Nf3 Nc6 3. Bb5 Nf6 4. d3 Bc5 5. Bxc6 dxc6 6. h3 O-O 7. O-O Qe7 8. Be3 Nd7 9. Nbd2 a5 10. Nc4 Bd6 11. a4 b6 12. Re1 Ba6 13. c3 Bxc4 14. dxc4 Bc5 15. Nh4 Qe6 16. Nf5 g6 17. Nh6+ Kg7 18. Qe2 Bxe3 19. Qxe3 Rad8 20. Rad1 Nc5 21. Rxd8 Rxd8 22. b4 Nxa4 23. Ng4 f6 24. c5 axb4 25. cxb4 Qe7 26. h4 Qe6 27. f3 Kg8 28. Nh6+ Kh8 29. f4 Kg7 30. f5 Qc4 31. fxg6 hxg6 32. Kh1 Qd4 33. Qf3 Qd3 34. Nf5+ gxf5 35. Qxf5 Qg3 36. Rf1 Qxh4+ 37. Kg1 Qg5 38. Qh3 Rh8 39. Qd7+ Kg6 40. Rf3 bxc5 41. Kf2 Rh4 42. Qe8+ Kh7 43. Qd7+ Qg7 44. Qf5+ Qg6 45. Qd7+ Kh6 46. Qd2+ Kh7 47. Qd7+ Qg7 48. Qf5+ Kh6 49. Qe6 Rf4 50. Rxf4 exf4 51. Qh3+ Kg6 52. Qf5+ Kf7 53. Qd7+ Kg8 54. Qe8+ Qf8 55. Qg6+ Kh8 56. e5 fxe5 57. Qh5+ Kg7 58. Qg4+ Kf6 59. Qh4+ Ke6 60. Qg4+ Ke7 61. Qh4+ Kd7 62. Qh7+ Kc8 63. b5 cxb5 64. Qe4 Kb8 65. Qc6 Nc3 0-1

[Event "Turkish Cup 2022"]
[Site "Sakarya"]
[Date "2022.03.31"]
[Round "10.2"]
[White "Yaran, Siar"]
[Black "Samani, Yamac"]
[Result "1-0"]
[ECO "A22"]
[WhiteElo "2272"]
[BlackElo "2257"]
[Annotator "NA"]
[PlyCount "133"]
[EventDate "2022.03.25"]
[EventType "swiss"]
[EventCountry "TUR"]
[SourceTitle "playchess.com"]
[Source "ChessBase"]
[SourceQuality "1"]
[TimeControl "5400+30"]

1. c4 e5 2. Nc3 Nf6 3. g3 Bb4 4. Bg2 O-O 5. Nf3 Re8 6. O-O Bxc3 7. dxc3 d6 8. Ne1 a5 9. Nc2 Nbd7 10. Ne3 a4 11. Qc2 Nc5 12. Rb1 e4 13. b4 axb3 14. axb3 Qe7 15. Rd1 Bd7 16. Nd5 Nxd5 17. cxd5 Bf5 18. Be3 b6 19. c4 h5 20. h3 Nd7 21. Qc3 Ra2 22. Ra1 Rea8 23. Rxa2 Rxa2 24. Ra1 Rxa1+ 25. Qxa1 Kh7 26. Qa7 Qd8 27. Bd4 f6 28. Qa1 Bg6 29. Qc1 Nc5 30. Qe3 Qe8 31. Kh2 Kg8 32. g4 hxg4 33. hxg4 Kf7 34. Kg3 Bh7 35. g5 Bf5 36. Qf4 Kg6 37. gxf6 gxf6 38. Bh3 Qd7 39. Qh4 Bxh3 40. Qxf6+ Kh7 41. Qh8+ Kg6 42. Qg8+ Kh5 43. Qh8+ Kg6 44. Qf6+ Kh7 45. Qh4+ Kg6 46. Bxc5 Bf1 47. Qxe4+ Qf5 48. Qxf5+ Kxf5 49. Bxd6 cxd6 50. Kf3 Ke5 51. Ke3 Bg2 52. f3 Bh3 53. b4 Bf5 54. f4+ Kf6 55. Kd4 Bb1 56. e4 Ke7 57. e5 dxe5+ 58. fxe5 Bf5 59. c5 bxc5+ 60. bxc5 Bh3 61. c6 Bg4 62. Kc5 Bh3 63. Kb6 Kd8 64. Kb7 Bc8+ 65. Kb8 Ba6 66. e6 Ke7 67. c7 1-0